 Dungeon Crawl Stone Soup version 0.31-a0-664-g902f515a81 (webtiles) character file.

Game seed: 15250412380465465543

60 Xavori the Cutter (level 4, -9/27 HPs)
             Began as an Octopode Chaos Knight on Sept 3, 2023.
             Was a Plaything of Xom.
             Mangled by a gnoll
             ... wielding a +0 flail
              (10 damage)
             ... on level 3 of the Dungeon.
             The game lasted 00:01:56 (10520 turns).

Xavori the Cutter (Octopode Chaos Knight)          Turns: 10520, Time: 00:01:57

Health: -9/27      AC:  1    Str:  8 (9)  XL:     4   Next: 4%
Magic:  4/4        EV: 14    Int: 12      God:    Xom [...*..]
Gold:   77         SH:  0    Dex: 20 (21) Spells: 3/3 levels left

rFire   . . .        p - +2 short sword (protect)
rCold   . . .        (no shield)
rNeg    . . .        (helmet restricted)
rPois   .            m - amulet of regeneration
rElec   .            i - ring of willpower
rCorr   .            (no ring)
SInv    .            (no ring)
Will    +....        (no ring)
Stlth   +++          (no ring)
HPRegen 1.04/turn    (no ring)
MPRegen 0.09/turn    (no ring)
                     (no ring)

%: no passive effects
@: no status effects
A: almost no armour, amphibious, 8 rings, camouflage 1, gelatinous body 1,
(nimble swimmer 1), tentacles, agile 2, frail 1, mutation resistance 1, sense
surroundings 1, screaming 2
a: Renounce Religion


You were on level 3 of the Dungeon.
You worshipped Xom.
You were a favourite toy of Xom.
You visited 1 branch of the dungeon, and saw 3 of its levels.

You collected 77 gold pieces.

Inventory:

Hand Weapons
 a - a +0 short sword of chaos
 l - a +0 rapier of venom
 p - a +2 short sword of protection (weapon)
Jewellery
 i - a ring of willpower (left tentacle)
 m - an amulet of regeneration (around mantle)
 o - a +6 ring of dexterity
Scrolls
 b - a scroll of butterflies
 c - 2 scrolls of revelation {unknown}
 f - a scroll of brand weapon {unknown}
 j - 3 scrolls of identify {unknown}
 k - a scroll of enchant weapon {unknown}
 n - a scroll of vulnerability {unknown}
Potions
 d - a potion of berserk rage {unknown}
 e - a potion of attraction {unknown}
 g - a potion of ambrosia {unknown}
 h - 6 potions of curing {unknown}


   Skills:
 + Level 3.5 Fighting
 + Level 3.7 Short Blades
 + Level 2.6 Dodging
 + Level 2.5 Stealth


You had 3 spell levels left.
You didn't know any spells.
Your spell library contained the following spells:

 Spells                   Type           Power      Damage    Failure   Level
 Airstrike                Air            0%         2d(0-16)  97%         4
 Arcjolt                  Conj/Air       0%         1d10      100%        5
 Conjure Ball Lightning   Conj/Air       0%         3x3d6     100%        6


Dungeon Overview and Level Annotations

Branches:
Dungeon (3/15)

Altars:
Xom
Zin

Shops:
D:3 :

Annotations:
D:3 3 runed translucent doors, bcImEvil's ghost, amateur HuWn


Innate Abilities, Weirdness & Mutations

You cannot wear most types of armour.
You are amphibious.
You can wear up to eight rings at the same time.
Your skin changes colour to match your surroundings (Stealth+).
Your rubbery body absorbs attacks. (AC +1, EV +1)
((You are camouflaged when in or above water. (Stealth+)))
You have tentacles for arms and can constrict up to eight enemies at once.
You are very agile. (Dex +8, Str/Int -2)
You are frail. (-10% HP)
You are somewhat resistant to further mutation.
You passively map a small area around you.
You frequently scream uncontrollably at your foes.


Message History

You kill the orc!
The orc closely misses you.
You have reached level 4!
You hit the orc but do no damage. You grab the orc.
You constrict the orc, but do no damage.
The orc closely misses you.
Unknown command.
You puncture the orc!
You kill the orc!
A gnoll comes into view.
It is wielding a +0 whip of electrocution.
Things that are here:
a +0 hand axe; a +0 chain mail No target in view!
Things that are here:
a +0 whip; a +0 leather armour; a +2 short sword of protection
p - a +2 short sword of protection Your +0 rapier of venom stops dripping with poison.
Your +2 short sword of protection hums with potential!
p - a +2 short sword of protection (weapon)
A gnoll is nearby!
A gnoll is nearby!
A gnoll is nearby!
A gnoll comes into view. It is wielding a +0 flail.
The gnoll shouts!
A gnoll is nearby!
Found 4 poisoned darts.
The gnoll closely misses you. The gnoll completely misses you.
There are monsters nearby!
You barely miss the gnoll. You grab the gnoll. You squeeze the gnoll.
The gnoll is moderately wounded.
You constrict the gnoll.
The gnoll hits you with a +0 whip of electrocution!
A shower of butterflies erupts from you!
You are electrocuted!!
Ouch! That really hurt!
* * * LOW HITPOINT WARNING * * *
Xom is highly amused!
The gnoll hits you with a +0 flail!
You die...
Xom bursts into laughter!

######## #......# * ,
##########...(..# , *
#.......##......# , ,* *
, ##.......##.....## ,
........†...)....# ,
.#.......##.)...b# ** *
.#.......##......# *
.###############@#
.∩....>........g.gb.....
#####...########...##...
....#.#...#####...... ,
* ###...###.............
*
..#......#.####......##
.....#.#.#.# .......# ,
.........#.# ..###(..,
,, .....#.#...# ,,


You could see 2 gnolls.

Vanquished Creatures
  2 worms (D:2)
  3 orcs (D:3)
  2 ball pythons
  4 endoplasms
  2 giant cockroaches (D:1)
  6 goblins
  7 hobgoblins
  4 jackals (D:1)
  6 kobolds
  3 bats
  A frilled lizard (D:1)
  4 rats
44 creatures vanquished.

Notes
Turn   | Place    | Note
-------+----------+-------------------------------------------
     0 | D:1      | Xavori the Octopode Chaos Knight began the quest for the
                  | Orb.
     0 | D:1      | Reached XP level 1. HP: 16/16 MP: 1/1
    13 | D:1      | Found a faded altar of an unknown god.
   105 | D:1      | XOM: potion effect (might)
   113 | D:1      | XOM: potion effect (invisibility)
   116 | D:1      | XOM: scenery: create altars
   118 | D:1      | Reached XP level 2. HP: 4/21 MP: 2/2
   206 | D:1      | XOM: potion effect (attraction)
   227 | D:1      | XOM: god gift: spear {god gift}
   502 | D:1      | Reached XP level 3. HP: 26/26 MP: 3/3
   563 | D:1      | Reached skill level 1 in Stealth
   625 | D:1      | XOM: give mutations
   625 | D:1      | Gained mutation: You passively map a small area around you.
                  | [Xom's grace]
   625 | D:1      | Gained mutation: You are agile. (Dex +4, Str/Int -1) [Xom's
                  | grace]
   625 | D:1      | Gained mutation: You are somewhat resistant to further
                  | mutation. [Xom's grace]
   744 | D:1      | XOM: cloud trail
  1890 | D:1      | XOM: silly message
  2270 | D:1      | XOM: give mutation
  2270 | D:1      | Gained mutation: You are dopey. (Int -2) [Xom's mischief]
  2714 | D:1      | XOM is BORED!
  2714 | D:1      | XOM: give mutations
  2714 | D:1      | Gained mutation: You occasionally lose the ability to read
                  | scrolls when taking damage. [Xom's mischief]
  2714 | D:1      | Gained mutation: You are frail. (-10% HP) [Xom's mischief]
  2714 | D:1      | Gained mutation: You do not regenerate when monsters are
                  | visible. [Xom's mischief]
  2714 | D:1      | Lost mutation: You do not regenerate when monsters are
                  | visible. [Xom's mischief]
  2714 | D:1      | Gained mutation: Your natural rate of healing is unusually
                  | fast. [Xom's mischief]
  2813 | D:1      | XOM: stat loss: -1 Str (9/10)
  3215 | D:1      | XOM: give mutations
  3215 | D:1      | Lost mutation: You are dopey. (Int -2) [Xom's mischief]
  3215 | D:1      | Gained mutation: You are very frail. (-20% HP) [Xom's
                  | mischief]
  3215 | D:1      | Lost mutation: Your natural rate of healing is unusually
                  | fast. [Xom's mischief]
  3215 | D:1      | Gained mutation: You occasionally shout uncontrollably at
                  | your foes. [Xom's mischief]
  5606 | D:1      | XOM: summons 3 hostile shadow creatures
  5927 | D:1      | XOM is BORED!
  6089 | D:1      | XOM: silly message
  7818 | D:1      | XOM: silly message
  7978 | D:1      | XOM: give mutation
  7978 | D:1      | Gained mutation: You frequently scream uncontrollably at
                  | your foes. [Xom's mischief]
  8222 | D:1      | XOM: noise
  8292 | D:1      | XOM is BORED!
  8302 | D:1      | XOM: torment (11/20 hp)
  8604 | D:1      | XOM: god gift: ring mail {god gift}
  8636 | D:1      | XOM: stat loss: -1 Dex (16/17)
  8857 | D:1      | XOM: noise
  9102 | D:1      | XOM: give mutations
  9102 | D:1      | Lost mutation: You occasionally lose the ability to read
                  | scrolls when taking damage. [Xom's mischief]
  9102 | D:1      | Lost mutation: You are very frail. (-20% HP) [Xom's
                  | mischief]
  9102 | D:1      | Gained mutation: You are very agile. (Dex +8, Str/Int -2)
                  | [Xom's mischief]
  9932 | D:1      | XOM: summons 2 hostile demons
 10190 | D:2      | Got the Secrets of Conduction
 10369 | D:3      | Found a runed translucent gate.
 10369 | D:3      | Found a runed translucent gate.
 10369 | D:3      | Found a runed translucent gate.
 10392 | D:3      | Noticed bcImEvil's ghost (amateur HuWn)
 10418 | D:3      | Noticed an angel
 10419 | D:3      | Found a glowing silver altar of Zin.
 10420 | D:3      | Found a shimmering altar of Xom.
 10422 | D:3      | XOM: smoke on damage
 10480 | D:3      | Found Himyzenn's Book Shoppe.
 10510 | D:3      | Reached XP level 4. HP: 24/27 MP: 4/4
 10520 | D:3      | XOM: butterfly on damage
 10520 | D:3      | HP: 1/27 [gnoll/+0 whip of electrocution (18)]
 10520 | D:3      | Mangled by a gnoll

Illustrated notes

Levels and vault maps discovered:
D:1:      lightli_arrival_maybe_door_vault, layout_loops_ring,
          ebering_ecumenical_altar_petrified
D:2:      layout_rooms, grunt_decor_junction
D:3:      layout_basic, marbit_many_paths,
          grunt_temple_overflow_order_and_chaos_1, gammafunk_ghost_necromancy,
          serial_shops, shop, serial_glass, glass_columns_b, glass_columns_a,
          item_on_display_a, minmay_strange_pillars, due_unseen_surprise,
          feat_on_display, solitary_fountain, kennysheep_generic_room_6

Skill      XL: |  1  2  3 |
---------------+----------+-----
Stealth        | 2 |  2.5
Fighting       | |  3.5
Short Blades   | |  3.7
Dodging        | |  2.6

Action                     |  1- 3 |  4- 6 || total
---------------------------+-------+-------++-------
  Melee: Short sword       |    65 |     1 ||    66
         Constrict         |    17 |     2 ||    19
         Tentacles         |    11 |     1 ||    12
         Punch             |     3 |       ||     3
         Rapier            |    12 |     2 ||    14
   Stab: Sleeping          |    13 |       ||    13
         Invisible         |     1 |       ||     1
 Armour: Skin              |    30 |     2 ||    32
  Dodge: Dodged            |    32 |     3 ||    35

Table legend: (Time is in decaauts)
 A = Elapsed time spent in this place.
 B = Non-inter-level travel time spent in this place.
 C = Inter-level travel time spent in this place.
 D = Time resting spent in this place.
 E = Time spent auto-exploring this place.
 F = Levels seen in this place.
 G = Mean time per level.
                   A        B        C        D        E       F      G
               +--------+--------+--------+--------+--------+-----+--------+
         Total |  10511 |  10429 |     82 |   9089 |   1041 |   3 | 3503.7 |
       Dungeon |  10511 |  10429 |     82 |   9089 |   1041 |   3 | 3503.7 |
               +--------+--------+--------+--------+--------+-----+--------+

Top non-repeatable levels by time:
     D:1: 9632 daAuts
     D:2: 728 daAuts
     D:3: 150 daAuts
